Map: Oblivion Express

Players

DadoHadok

  • Race: Terran Terran
  • Spawn Location: 12:00

Ratl

  • Race: Protoss Protoss
  • League: Silver
  • Spawn Location: 0:00

VOD

Have the link to the VOD?

Description

Time

  • Played on: Jan. 12, 2020, 8:20 p.m.
  • Length: 23:24
Show
View Real Time Build Order
Export as new Build Order

DadoHadok Terran 

Build Orders:  

Get SALT Encoding   

  12  0:03  SCV  
  13  0:20  SCV  
  14  0:36  Barracks  
  14  0:38  SCV  
  15  0:51  Supply Depot  
  15  0:56  SCV  
  16  1:07  Marine  
  16  1:16  SCV  
  16  1:17  Marine  
  18  1:28  Marine  
  19  1:32  SCV  
  21  1:42  Marine  
  21  1:49  SCV  
  23  2:26  Command Center  
  23  2:33  Supply Depot  
  23  2:35  Refinery  
  23  2:36  SCV  
  24  2:53  SCV  
  25  3:00  Barracks  
  25  3:10  SCV  
  26  3:27  SCV, Barracks  
  27  3:35  Supply Depot  
  27  3:46  Barracks Reactor  
  27  3:50  SCV  
  28  4:07  SCV  
  29  4:12  SCV  
  29  4:18  Barracks Reactor  
  30  4:29  SCV x2  
  32  4:45  SCV  
  32  4:46  SCV  
  34  4:50  Marine x2, Barracks Reactor  
  36  5:02  SCV  
  36  5:03  SCV  
  38  5:19  SCV  
  39  5:36  SCV  
  40  5:53  SCV  
  40  5:55  Marine  
  40  5:56  Marine x5  
  47  6:03  SCV  
  47  6:05  Marine  
  47  6:06  Marine x5  
  47  6:09  Supply Depot  
  54  6:12  SCV  
  54  6:16  Marine x6  
  61  6:27  Marine x6, Supply Depot  
  61  6:28  SCV  
  62  6:30  SCV  
  62  6:37  Marine  
  70  7:01  Marine x4, Supply Depot  
  70  7:03  Supply Depot  
  70  7:04  SCV x2  
  76  7:11  Marine x6  
  82  7:20  SCV x2  
  82  7:21  Marine x2  
  86  8:22  Marine x6, Supply Depot x2  
  86  8:25  SCV  
  86  8:26  Supply Depot  
  93  8:32  Marine x6  
  99  8:42  Marine x6, Engineering Bay  
  99  8:46  Engineering Bay  
  105  8:52  Marine x4  
  105  8:53  Marine  
  110  9:09  Supply Depot  
  56  9:10  Marine x6, Supply Depot  
  110  9:16  Supply Depot  
  116  9:20  Marine x6  
  122  9:30  Marine x2  
  124  10:15  Marine x6  
  130  10:25  Marine x4  
  134  10:36  Terran Infantry Weapons Level 1, Terran Infantry Armor Level 1  
  134  10:44  Barracks  
  134  10:57  Factory  
  134  11:01  Supply Depot  
  134  11:02  Marine x6  
  134  11:03  Supply Depot  
  134  11:05  Supply Depot x2  
  134  11:09  Supply Depot  
  140  11:12  Marine x6, Supply Depot  
  146  11:22  Marine x2  
  148  11:31  Marine x2  
  148  11:32  Marine x5  
  155  11:41  Marine  
  155  11:42  Marine x6  
  162  11:51  Marine  
  162  11:52  Marine x5  
  162  11:53  Marine  
  162  11:56  Supply Depot  
  169  12:00  Supply Depot  
  169  12:01  Marine  
  169  12:02  Marine  
  170  12:35  Vulture  
  170  12:36  Armory  
  170  12:45  Vulture  
  172  12:55  Vulture  
  172  12:58  Supply Depot  
  174  13:06  Vulture  
  176  13:16  Vulture, Structure Armor  
  178  13:30  Bunker  
  177  14:02  Bunker  
  177  14:06  Marine x3  
  177  14:07  Marine x3, Barracks Reactor  
  183  14:16  Marine  
  183  14:17  Marine x5  
  184  14:26  Marine  
  184  14:27  Marine x5  
  188  14:36  Marine  
  188  14:37  Marine x5  
  194  14:42  Bunker  
  194  14:47  Marine  
  200  14:51  Terran Infantry Weapons Level 2  
  200  14:53  Terran Infantry Armor Level 2  
  198  15:00  Terran Vehicle and Ship Weapons Level 1  
  198  15:12  Marine  
  198  15:13  Marine  
  198  15:14  Bunker  
  197  15:33  Bunker  
  197  15:44  Marine x3  
  200  16:06  Bunker  
  200  16:08  Bunker  
  200  16:41  Bunker  
  199  17:04  Bunker  
  196  17:18  Bunker  
  196  17:21  Marine x4  
  196  17:23  Marine  
  200  17:38  Bunker  
  198  17:50  Bunker  
  198  18:19  Marine  
  198  18:20  Marine  
  198  18:55  Bunker x2  
  198  18:59  Marine  
  198  19:00  Marine  
  198  19:06  Terran Infantry Armor Level 3, Terran Infantry Weapons Level 3  
  199  19:10  Terran Vehicle and Ship Weapons Level 2  
  199  19:29  Marine  
  197  19:30  Marine x2  
  197  19:33  Marine  
  199  19:46  Bunker  
  199  19:48  Bunker  
  197  20:03  Marine  
  197  20:04  Marine x2  
  198  20:43  Marine x4  
  198  20:44  Marine  
  198  20:47  Marine  
  197  21:21  Marine  
  197  21:22  Marine x2  
Show
View Real Time Build Order
Export as new Build Order

Ratl Protoss 

Build Orders:  

Get SALT Encoding   

  12  0:03  Probe (Chrono Boost)  
  13  0:17  Probe (Chrono Boost)  
  14  0:32  Probe (Chrono Boost)  
  14  0:34  Pylon  
  15  0:49  Assimilator  
  15  0:58  Probe (Chrono Boost)  
  16  1:09  Gateway  
  16  1:12  Probe (Chrono Boost)  
  17  1:26  Probe (Chrono Boost)  
  18  1:31  Assimilator  
  18  1:40  Probe (Chrono Boost)  
  19  1:54  Probe (Chrono Boost)  
  19  1:58  Gateway  
  20  2:08  Probe (Chrono Boost)  
  21  2:21  Cybernetics Core  
  21  2:22  Probe (Chrono Boost)  
  22  2:31  Pylon  
  22  2:38  Probe (Chrono Boost)  
  23  2:55  Probe (Chrono Boost)  
  24  3:05  Pylon  
  24  3:08  Zealot  
  24  3:09  Probe (Chrono Boost)  
  27  3:23  Probe (Chrono Boost)  
  28  3:37  Probe (Chrono Boost), Zealot  
  28  3:38  Zealot  
  33  3:51  Probe (Chrono Boost)  
  34  4:09  Probe (Chrono Boost)  
  35  4:16  Nexus  
  35  4:23  Probe (Chrono Boost)  
  36  4:37  Probe (Chrono Boost)  
  37  4:50  Pylon  
  37  4:53  Forge  
  37  4:57  Twilight Council  
  37  4:59  Probe (Chrono Boost)  
  38  5:13  Probe (Chrono Boost)  
  39  5:46  Probe (Chrono Boost)  
  40  5:56  Probe (Chrono Boost)  
  41  6:00  Probe (Chrono Boost)  
  42  6:10  Probe (Chrono Boost)  
  42  6:14  Probe (Chrono Boost)  
  44  6:24  Probe (Chrono Boost)  
  44  6:28  Probe (Chrono Boost)  
  46  6:38  Probe (Chrono Boost)  
  47  6:42  Probe (Chrono Boost)  
  48  6:52  Probe (Chrono Boost)  
  48  6:53  Templar Archives  
  48  6:55  Probe (Chrono Boost), Gateway  
  50  7:06  Probe (Chrono Boost)  
  50  7:08  Assimilator  
  50  7:09  Probe (Chrono Boost)  
  51  7:12  Assimilator  
  51  7:18  Pylon  
  51  7:19  Probe (Chrono Boost)  
  52  7:21  Pylon  
  52  7:23  Probe (Chrono Boost)  
  52  7:25  Pylon  
  52  7:27  Pylon  
  54  7:30  Pylon  
  54  7:32  Dragoon x2  
  54  7:33  Zealot x2  
  62  7:56  Psionic Storm  
  62  8:04  High Templar x2  
  62  8:05  High Templar  
  62  8:06  High Templar  
  70  8:32  Pylon  
  70  8:33  Protoss Ground Weapons Level 1  
  70  8:36  Pylon  
  70  8:41  Pylon  
  70  8:43  Forge  
  70  8:46  Pylon  
  70  8:47  Pylon  
  70  8:53  Pylon  
  70  8:58  Zealot  
  70  8:59  Zealot x3  
  76  9:22  Dragoon  
  76  9:23  Dragoon  
  76  9:28  Protoss Ground Armor Level 1  
  80  9:53  High Templar  
  80  9:59  Zealot  
  84  10:00  Zealot x2  
  88  10:18  Gateway  
  88  10:20  Gateway x3  
  88  10:22  Robotics Facility  
  88  10:23  Gateway  
  88  10:28  Zealot x3  
  94  10:49  Zealot  
  96  10:57  High Templar  
  98  11:08  Protoss Ground Weapons Level 2  
  98  12:08  Dragoon  
  98  12:09  Dragoon x2  
  104  12:10  Zealot x3  
  104  12:11  Zealot x5  
  104  12:12  Zealot x6  
  132  12:58  Dragoon x5  
  140  13:04  High Templar  
  142  13:14  Protoss Ground Armor Level 2  
  142  13:31  Robotics Bay  
  142  13:44  Probe (Chrono Boost)  
  144  14:01  Probe (Chrono Boost)  
  144  14:09  Singularity Charge  
  140  15:09  Whirlwind  
  138  15:18  Dragoon x6  
  148  15:33  Probe (Chrono Boost)  
  149  15:49  Pylon  
  149  15:51  Pylon  
  149  15:52  Pylon  
  149  15:55  Pylon  
  149  15:56  Pylon  
  149  15:57  Pylon  
  149  16:02  Pylon  
  149  16:03  Pylon  
  143  16:43  Protoss Ground Armor Level 3  
  143  16:47  Dragoon x2  
  143  16:48  Dragoon x5  
  143  16:49  Dragoon x3  
  163  16:52  High Templar  
  163  16:53  High Templar  
  167  17:11  Archon  
  167  17:12  Archon  
  159  17:33  Zealot  
  159  17:34  Zealot x9  
  159  17:35  Zealot x6  
  153  18:33  Trillic Compresion Mesh  
  153  18:39  Dragoon x3  
  159  18:40  Dragoon x2  
  159  18:41  Zealot  
  159  18:42  Zealot x5  
  159  18:43  Zealot x2  
  159  18:46  Zealot  
  159  18:47  Zealot x3  
  185  19:48  Dragoon x4  
  185  19:49  Dragoon x3  
  197  19:50  Dragoon  
  197  19:57  Charge  
  199  20:22  Protoss Shields Level 1  
  199  22:00  Improved Barrier  
Tags
 
Add a new tag
Caveats
  • Supply blocks, unpowered buildings, or Contaminate may cause inaccurate times.
  • Supply counts are checked every 10 seconds.